Map: Lightshade LE

Players

Duke

  • Race: Terran Terran
  • League: Diamond
  • Spawn Location: 11:00

A.I. 1 (Very Easy) - Winner!

  • Race: Terran Terran
  • Spawn Location: 5:00

VOD

Have the link to the VOD?

Description

Time

  • Played on: Feb. 17, 2021, 9:02 p.m.
  • Length: 9:25
Show
View Real Time Build Order
Export as new Build Order

Duke Terran 

Build Orders:  

Get SALT Encoding   

  12  0:00  SCV  
  13  0:13  SCV  
  14  0:17  Supply Depot  
  14  0:25  SCV  
  15  0:39  SCV  
  15  0:40  Barracks  
  16  0:42  Refinery  
  16  0:51  SCV  
  17  1:03  SCV  
  18  1:15  SCV  
  19  1:26  Marine  
  19  1:27  Orbital Command  
  20  1:39  Command Center  
  20  1:44  Marine  
  21  1:49  Supply Depot  
  21  1:52  SCV  
  22  2:04  SCV  
  22  2:06  Factory  
  23  2:12  Refinery, Marine  
  24  2:16  SCV  
  25  2:26  Refinery  
  25  2:27  Refinery  
  25  2:29  SCV  
  26  2:30  Barracks Tech Lab  
  26  2:41  SCV  
  27  2:53  SCV  
  27  2:54  Orbital Command  
  27  2:57  Siege Tank  
  31  3:00  Barracks Reactor  
  31  3:05  SCV  
  32  3:17  Supply Depot, SCV  
  33  3:20  SCV  
  34  3:29  Siege Tank  
  34  3:30  SCV  
  34  3:31  Starport  
  34  3:32  SCV  
  39  3:36  Marine x2  
  39  3:41  Supply Depot  
  41  3:42  SCV  
  41  3:45  SCV  
  43  3:54  Marine x2, SCV  
  46  3:57  SCV  
  46  4:02  Siege Tank  
  50  4:04  Supply Depot  
  50  4:06  SCV  
  50  4:08  Starport Tech Lab  
  50  4:09  SCV  
  52  4:12  Marine x2  
  54  4:18  SCV  
  54  4:21  SCV  
  56  4:27  Raven  
  56  4:30  Marine x2, SCV  
  61  4:33  SCV  
  61  4:34  Siege Tank  
  65  4:39  Command Center  
  65  4:44  Supply Depot  
  65  4:48  Marine x2  
  65  4:50  Supply Depot  
  65  4:52  SCV x2  
  69  5:04  SCV  
  69  5:05  Marine x2, SCV  
  69  5:06  Siege Tank  
  76  5:07  Supply Depot  
  76  5:09  Raven  
  78  5:15  Supply Depot  
  78  5:16  SCV  
  78  5:17  SCV  
  80  5:23  Marine x2  
  80  5:28  SCV  
  83  5:29  SCV  
  83  5:31  Refinery  
  83  5:32  Refinery  
  83  5:35  Supply Depot  
  84  5:38  Siege Tank  
  84  5:40  SCV  
  84  5:41  Marine x2  
  84  5:42  SCV  
  91  5:52  Raven, SCV, Orbital Command  
  94  5:59  Marine x2  
  94  6:00  Barracks x2  
  94  6:01  Barracks  
  94  6:02  SCV  
  97  6:04  SCV  
  97  6:10  Siege Tank  
  101  6:15  SCV  
  101  6:16  SCV  
  101  6:17  Marine x2  
  106  6:18  SCV  
  106  6:25  Supply Depot  
  106  6:27  SCV  
  106  6:28  Supply Depot, SCV  
  106  6:30  SCV  
  109  6:39  SCV  
  110  6:41  SCV  
  110  6:42  Marine, Siege Tank, SCV, Viking x2  
  110  6:43  Stimpack  
  120  6:47  Barracks Reactor x3  
  120  6:50  Engineering Bay  
  120  6:51  Engineering Bay, SCV  
  120  6:53  SCV  
  122  6:54  SCV  
  122  6:59  Supply Depot  
  122  7:00  Supply Depot  
  123  7:01  Marine  
  124  7:12  Command Center, Viking x2  
  124  7:14  Siege Tank  
  131  7:21  Marine  
  132  7:23  Marine x6  
  132  7:24  Terran Infantry Weapons Level 1  
  132  7:26  Terran Infantry Armor Level 1  
  138  7:30  Supply Depot  
  138  7:31  Supply Depot  
  138  7:38  Marine  
  138  7:40  Marine  
  138  7:41  Marine x5  
  138  7:42  Viking x2  
  149  7:49  Siege Tank  
  152  7:54  Supply Depot  
  152  7:56  Marine  
  153  7:58  Marine x2  
  153  7:59  Marine x4  
  159  8:05  Supply Depot  
  159  8:12  Viking x2  
  163  8:14  Marine  
  163  8:16  Marine x4  
  163  8:17  Marine x2  
  170  8:21  Siege Tank  
  173  8:28  Armory  
  173  8:32  Marine  
  174  8:34  Marine x5  
  174  8:35  Marine  
  180  8:42  Viking x2  
  180  8:48  Orbital Command  
  184  8:50  Refinery, Marine  
  184  8:52  Marine x6  
  194  8:55  Refinery  
Show
View Real Time Build Order
Export as new Build Order

A.I. 1 (Very Easy) Terran - Winner!

Build Orders:  

Get SALT Encoding   

  12  0:00  SCV  
  13  0:13  SCV  
  14  0:18  Supply Depot  
  14  0:37  Refinery  
  14  0:42  Barracks  
  14  1:03  Supply Depot  
  14  1:11  Refinery  
  14  1:29  Barracks Tech Lab, Orbital Command  
  14  1:47  Marine  
  15  1:54  SCV  
  16  2:06  SCV  
  17  2:18  SCV  
  18  2:30  SCV  
  18  2:32  Marine  
  20  2:42  SCV  
  21  2:54  SCV  
  22  3:18  Marauder  
  24  6:39  SCV  
  25  6:40  Marine  
  25  6:41  Supply Depot  
  25  6:44  Factory  
  26  6:48  Command Center  
  26  6:51  SCV  
  27  7:03  SCV  
  27  7:05  Supply Depot  
  28  7:15  Marine, SCV  
  26  7:27  SCV  
  26  7:29  Starport  
  27  7:50  Marine  
  28  8:01  SCV  
  29  8:08  Refinery, SCV, Starport Tech Lab  
  29  8:10  Refinery  
  30  8:15  SCV  
  31  8:22  SCV  
  31  8:25  Marine  
  33  8:28  Raven  
  33  8:30  SCV  
  36  8:37  SCV  
  37  8:44  SCV  
  38  8:51  SCV  
  39  8:58  SCV  
  39  9:00  Marine  
  41  9:06  SCV  
Tags
 
League
Diamond
Matchup
TvT
Race
Terran
Spawn Locations
Cross Positions
Add a new tag
Caveats
  • Supply blocks, unpowered buildings, or Contaminate may cause inaccurate times.
  • Supply counts are checked every 10 seconds.